 Dungeon Crawl Stone Soup version 0.29.1 (webtiles) character file.

Game seed: 7711335490437914669

7 fingers the Ruffian (level 2, 0/16 HPs)
             Began as a Vine Stalker Berserker on Sept 13, 2022.
             Was a Follower of Trog.
             Slain by a kobold
             ... wielding a +0 dagger
              (2 damage)
             ... on level 1 of the Dungeon.
             The game lasted 00:00:30 (360 turns).

fingers the Ruffian (Vine Stalker Berserker)         Turns: 360, Time: 00:00:31

Health: 0/16       AC:  2    Str: 19    XL:     2   Next: 4%
Magic:  0/3        EV:  9    Int:  7    God:    Trog [*.....]
Gold:   5          SH:  0    Dex: 13    Spells: 1/1 levels left

rFire   . . .      SeeInvis .     - Unarmed
rCold   . . .      Faith    .   (no shield)
rNeg    . . .      Spirit   +   a - +0 animal skin
rPois   .          Reflect  .   (no helmet)
rElec   .          Harm     .   (no cloak)
rCorr   .          Rampage  .   (no gloves)
Will    .....                   (no boots)
Stlth   +.........              d - amulet of guardian spirit
HPRegen 0.05/turn               (no ring)
MPRegen 0.08/turn               (no ring)

@: on berserk cooldown, slowed, constricted, very slow
A: fangs 2, magic shield, antimagic bite, no potion heal 2
a: Renounce Religion, Berserk


You were on level 1 of the Dungeon.
You worshipped Trog.
Trog was aware of your devotion.
You visited 1 branch of the dungeon, and saw 1 of its levels.

You collected 5 gold pieces.

Inventory:

Armour
 a - a +0 animal skin (worn)
Jewellery
 c - a ring of wizardry
 d - an amulet of guardian spirit (around neck)
Scrolls
 b - a scroll of magic mapping {unknown}
 f - a scroll of silence {unknown}
Potions
 e - a potion of resistance {unknown}
 g - a potion of heal wounds {unknown}


   Skills:
 + Level 2.9 Fighting
 + Level 1.6 Armour
 + Level 1.6 Dodging
 + Level 3.2 Unarmed Combat


You had one spell level left.
You didn't know any spells.
Your spell library was empty.

Dungeon Overview and Level Annotations

Branches:
Dungeon (1/15)

Altars:


Innate Abilities, Weirdness & Mutations

You have extremely sharp teeth.
When hurt, damage is shared between your health and your magic reserves.
Your bite disrupts and absorbs the magic of your enemies.
Potions cannot restore your health.


Message History

The ball python moves out of view.
A kobold comes into view. It is wielding a +0 dagger.
The kobold shouts!
A rat comes into view.
You punch the rat!
You kill the rat!
Trog accepts your kill. The kobold hits you with a +0 dagger.
A ball python and a bat come into view.
The ball python hisses angrily.
You see here a rat corpse.
A dart slug comes into view.
You feel a strong urge to attack something.
You are no longer berserk.
You are exhausted.
You feel yourself slow down.
The kobold throws a stone.
The stone hits you.
Found a ring mail.
The bat closely misses you. The bat hits you but does no damage.
The ball python bites you. The ball python barely misses you.
The dart slug launches a dart at you. The slug dart hits you.
The ball python bites you. The ball python closely misses you.
The kobold throws a stone.
The stone barely misses you.
The stone closely misses the bat.
The bat hits you but does no damage. The ball python barely misses you.
The ball python misses you. The kobold closely misses you.
The ball python bites you. The ball python grabs you.
The ball python constricts you.
You hit the kobold but do no damage. Your bite misses the kobold.
The bat misses you. The kobold hits you but does no damage.
The ball python bites you. The ball python constricts you. The bat hits you.
You barely miss the kobold. The bat hits you.
A bat comes into view.
The ball python misses you. The ball python constricts you.
The kobold closely misses you. The rat bites you.
* * * LOW HITPOINT WARNING * * *
The ball python bites you.
* * * LOW HITPOINT WARNING * * *
The ball python bites you but does no damage.
The ball python constricts you. The kobold hits you with a +0 dagger.
You die...

#........... +...
#.......###.###.#
#...........#....
#######.###....##
#.#.. ....#
#.#.#.w.#..
#.#.#......
######..Kr......
#......†@#...##
#......S.Sb..#
#...............
#...............
######..........
#........b.
..........[
............
.............


You could see a dart slug, 2 bats, 2 ball pythons, a kobold and a rat.

Vanquished Creatures
  4 goblins (D:1)
  A hobgoblin (D:1)
  A rat (D:1)
6 creatures vanquished.

Notes
Turn   | Place    | Note
-------+----------+-------------------------------------------
     0 | D:1      | fingers the Vine Stalker Berserker began the quest for the
                  | Orb.
     0 | D:1      | Reached XP level 1. HP: 11/11 MP: 2/2
   330 | D:1      | Reached XP level 2. HP: 15/16 MP: 3/3
   360 | D:1      | Slain by a kobold

Illustrated notes

Levels and vault maps discovered:
D:1:      shiori_arrival_maze, layout_rooms, basic_ecumenical_altar

Action                   || total
-------------------------++-------
Melee: Unarmed           ||    16
       Bite              ||     4
Invok: Berserk           ||     1
Armor: Animal skin       ||     7
Dodge: Dodged            ||    14
